 Dungeon Crawl Stone Soup version 0.31-a0-233-g139696dc86 (webtiles) character file.

Game seed: 9192981624146699950

8278 qw the Skirmisher (level 11, -1/71 HPs)
             Began as a Gargoyle Hexslinger on July 8, 2023.
             Was a Believer of Okawaru.
             Slain by an angel
             ... wielding a +3 whip of holy wrath
              (10 damage)
             ... on level 1 of the Abyss.
             The game lasted 00:04:44 (9557 turns).

qw the Skirmisher (Gargoyle Hexslinger)             Turns: 9557, Time: 00:04:44

Health: -1/71      AC: 17    Str:  9 (12) XL:     11   Next: 28%
Magic:  14/14      EV: 21    Int: 14      God:    Okawaru [**....]
Gold:   546        SH:  5    Dex: 15 (16) Spells: 11/12 levels left

rFire   . . .        n - +0 orcbow
rCold   + . .        (shield currently unavailable)
rNeg    + . .        l - +2 leather armour {rC+}
rPois   inf          d - +1 helmet
rElec   +            o - +0 cloak
rCorr   .            (no gloves)
SInv    .            (no boots)
Will    .....        f - amulet of reflection
Stlth   +            g - +5 ring of evasion
HPRegen 0.31/turn    (no ring)
MPRegen 0.14/turn

%: reflection
@: about to teleport, heroic, glowing
A: sickness immunity, AC +8, negative energy resistance 1, electricity
resistance, torment resistance 1, petrification resistance, deterioration 1
a: Renounce Religion, Heroism


You were on level 1 of the Abyss.
You worshipped Okawaru.
Okawaru was pleased with you.
You visited 2 branches of the dungeon, and saw 12 of its levels.
You visited the Abyss 1 time.

You collected 722 gold pieces.
You spent 176 gold pieces at shops.


Innate Abilities, Weirdness & Mutations

You are immune to sickness and miasma.
Your stone body is resilient. (AC +8)
You are immune to poison.
You resist negative energy. (rN+)
You are resistant to electric shocks. (rElec)
You are resistant to unholy torment.
You are immune to petrification.
Your body sometimes deteriorates upon taking damage.


   Skills:
 - Level 9.4(14.4) Fighting
 + Level 13.3(18.3) Ranged Weapons
 - Level 3.1(8.1) Armour
 - Level 4.0(9.0) Dodging
 - Level 1.0 Spellcasting
 - Level 2.6 Hexes
 - Level 4.1 Invocations


You had 11 spell levels left.
You knew the following spells:

 Your Spells              Type           Power      Damage    Failure   Level
a - Slow                  Hex            32%        N/A       12%         1

Your spell library contained the following spells:

 Spells                   Type           Power      Damage    Failure   Level
 Inner Flame              Hex/Fire       4%         N/A       52%         3
 Portal Projectile        Hex/Tloc       8%         N/A       52%         3
 Cause Fear               Hex            4%         N/A       75%         4

Inventory:

Hand Weapons
 n - a +0 orcbow (weapon)
Armour
 d - a +1 helmet (worn)
 e - +0 steam dragon scales
 l - a +2 leather armour of cold resistance (worn)
 m - a +2 robe of willpower
 o - a +0 cloak (worn)
Jewellery
 f - an amulet of reflection (around neck)
 g - a +5 ring of evasion (left hand)
Scrolls
 c - 6 scrolls of identify
 i - 3 scrolls of teleportation
Potions
 a - 2 potions of cancellation
 b - a potion of mutation
 h - a potion of might
 k - 4 potions of curing

Dungeon Overview and Level Annotations

Branches:
Dungeon (11/15)            Temple (1/1) D:4            Lair (0/5) D:11
    Orc (0/2) D:10

Altars:
Ashenzari
Cheibriados
Dithmenos
Elyvilon
Fedhas
Gozag
Hepliaklqana
Kikubaaqudgha
Makhleb
Nemelex Xobeh
Okawaru
Qazlal
Ru
Sif Muna
Trog
Uskayaw
Vehumet
Wu Jian
Xom
Yredelemnul
Zin
The Shining One

Shops:
D:1 ?   D:2 =   D:7 ?

Annotations:
D:5 1 runed translucent door, Crazy Yiuf
D:11 Erolcha


Message History

The angel misses you.
You shoot an arrow. The arrow closely misses the angel.
The angel hits you but does no damage. The angel misses you.
You shoot an arrow. The arrow closely misses the angel.
The angel closely misses you. x2
You shoot an arrow. The arrow misses the angel.
The angel completely misses you. The angel hits you but does no damage.
A chaos spawn comes into view.
You shoot an arrow. The arrow misses the angel.
The chaos spawn hisses angrily.
The angel completely misses you.
The angel hits you with a +3 whip of holy wrath.
A smoke demon comes into view.
9551 ||| DRINKING potion of heal wounds.
You feel much better. You block the angel's attack.
The angel hits you with a +3 whip of holy wrath.
The angel completely misses you. The angel barely misses you.
You shoot an arrow. The arrow barely misses the angel.
The smoke demon roars!
The angel hits you with a +3 whip of holy wrath!
You block the angel's attack. The smoke demon gestures at you.
Something smites you!
You shoot an arrow. The arrow misses the angel.
The angel closely misses you. You block the angel's attack.
You shoot an arrow. The arrow hits the angel.
The angel is lightly wounded.
The angel hits you with a +3 whip of holy wrath!
The angel misses you.
You shoot an arrow. The arrow misses the angel.
The angel hits you with a +3 whip of holy wrath.
The angel hits you but does no damage.
You shoot an arrow. The arrow closely misses the angel.
The angel completely misses you. The angel misses you.
You shoot an arrow.
The arrow hits the angel but does no damage.
The angel is lightly wounded.
The angel hits you with a +3 whip of holy wrath!
You die...

.... ... .. . #
.
#.#.#.#.#.###..
. ........ ...
.. .
###.#.#...#.#..
. . ...........
# ##.
#.#.#.#.#.#. .
#. # .
#..........
.....
#.#.#.#.#.#.#.
.. .
#.....@A......
. ..
#.#.#.#.#.#.##
# . .. ..4.....
. . .
#..3....#.. .
..... ..#... .
#.#........#.
#.......#.... #
# ....### #.# .


You could see an angel, a smoke demon and a chaos spawn.

Vanquished Creatures
  A two-headed ogre (D:11)
  Lodul (D:10)
  A cyclops (D:11)
  A troll (D:8)
  Prince Ribbit (D:7)
  A shadow (D:11)
  Sigmund (D:5)
  A wyvern (D:9)
  7 yaks (D:10)
  A steam dragon (D:9)
  A small abomination (Abyss:1)
  Duvessa (D:5)
  3 water moccasins
  A sky beast (D:7)
  5 orc warriors
  3 ice beasts
  10 ogres
  3 centaurs
  Blork the orc (D:6)
  A kobold brigand (D:9)
  3 bullfrogs
  A scorpion (D:4)
  13 wights
  Dowan (D:5)
  6 killer bees (D:10)
  An electric eel (D:9)
  2 howler monkeys
  2 hounds
  A gnoll bouda (D:7)
  3 orc priests
  2 sleepcaps (D:5)
  Ijyb (D:5)
  2 iguanas (D:5)
  10 orc wizards
  9 adders
  8 gnolls
  A shadow imp (D:3)
  2 white imps
  An ufetubus (Abyss:1)
  3 worms
  2 dart slugs (D:2)
  52 orcs
  7 endoplasms
  4 giant cockroaches
  7 goblins
  11 hobgoblins
  2 jackals (D:3)
  12 kobolds
  2 quokkas
  9 ball pythons
  4 bats
  4 frilled lizards
  8 rats
241 creatures vanquished.

Notes
Turn   | Place    | Note
-------+----------+-------------------------------------------
     0 | D:1      | qw the Gargoyle Hexslinger began the quest for the Orb.
     0 | D:1      | Reached XP level 1. HP: 12/12 MP: 2/2
     0 | D:1      | 0 ||| qw: Version: 0.3-a-46-gb1f654a
     0 | D:1      | 0 ||| qw: Game counter: 3570
     0 | D:1      | 0 ||| qw: Melee chars always use a shield: true
     0 | D:1      | 0 ||| qw: God list: Okawaru
     0 | D:1      | 0 ||| qw: Allow faded altars: false
     0 | D:1      | 0 ||| qw: Do Orc after clearing Dungeon:15 true
     0 | D:1      | 0 ||| qw: Do second Lair branch before Depths: true
     0 | D:1      | 0 ||| qw: Lair rune preference: random
     0 | D:1      | 0 ||| qw: Goals: Normal
     0 | D:1      | 0 ||| PLANNING D:1-11
    20 | D:1      | Found Maudaos's Magic Scroll Emporium.
    31 | D:1      | 31 ||| SHOPLISTING 3 scrolls of teleportation (126 gold,
                  | have 0).
    31 | D:1      | 31 ||| SHOPLISTING scroll of brand weapon (133 gold, have
                  | 0).
    31 | D:1      | 31 ||| SHOPLISTING scroll of teleportation (42 gold, have
                  | 0).
   115 | D:1      | Found a faded altar of an unknown god.
   148 | D:1      | Reached XP level 2. HP: 16/16 MP: 3/3
   518 | D:1      | Reached skill level 3 in Ranged Weapons
   756 | D:1      | 756 ||| UPGRADING to +0 helmet.
   761 | D:1      | 761 ||| UPGRADING to +0 leather armour.
   771 | D:1      | 771 ||| DROPPING +0 robe.
   772 | D:1      | 772 ||| UPGRADING to +5 ring of evasion.
   773 | D:1      | 773 ||| READING scroll labelled HEHOORADEG.
   774 | D:1      | 774 ||| READING scroll labelled XEAMAO REOBO.
   775 | D:1      | 775 ||| READING scroll labelled IMUYSU UV JUFO.
   776 | D:1      | 776 ||| DROPPING scroll of poison.
   908 | D:2      | Reached XP level 3. HP: 8/21 MP: 4/4
  1113 | D:2      | 1113 ||| READING scroll of brand weapon.
  1113 | D:2      | 1113 ||| BRANDING +1 sling of flaming.
  1239 | D:2      | Reached XP level 4. HP: 26/26 MP: 5/5
  1245 | D:2      | Found a sparkling altar of Nemelex Xobeh.
  1286 | D:2      | Found Dadghofasi's Jewellery Emporium.
  1293 | D:2      | 1293 ||| SHOPLISTING amulet of reflection (420 gold, have
                  | 76).
  1293 | D:2      | 1293 ||| SHOPLISTING ring of Wuohe Wydgh {rC+ Str+4 Slay+4
                  | Stlth+} (1430 gold, have 76).
  1293 | D:2      | 1293 ||| SHOPLISTING ring of ice (350 gold, have 76).
  1360 | D:2      | 1360 ||| UPGRADING to +0 ring mail.
  1370 | D:2      | 1370 ||| DROPPING +0 leather armour.
  1371 | D:2      | 1371 ||| READING scroll labelled XAEGHO QESM.
  1668 | D:3      | Reached skill level 4 in Ranged Weapons
  1669 | D:3      | Found an ornate altar of the Wu Jian Council.
  1705 | D:3      | Reached XP level 5. HP: 23/30 MP: 6/6
  1723 | D:3      | HP: 4/30 [shadow imp/nerve-wracking pain (6)]
  1959 | D:3      | Found a bloodstained altar of Trog.
  2400 | D:3      | 2400 ||| UPGRADING to amulet of reflection.
  2405 | D:3      | 2405 ||| READING 2 scrolls labelled JOUQ TYSIYL.
  2406 | D:3      | 2406 ||| READING scroll labelled ZEATYRPHAEZXU.
  2407 | D:3      | 2407 ||| READING scroll labelled ENIHOMOXAU.
  2408 | D:3      | 2408 ||| READING scroll labelled VIGGIR WEO.
  2461 | D:4      | Reached skill level 5 in Ranged Weapons
  2461 | D:4      | Reached XP level 6. HP: 32/35 MP: 7/7
  2482 | D:4      | Found a staircase to the Ecumenical Temple.
  2483 | D:4      | 2483 ||| PLANNING TEMPLE
  2486 | Temple   | Entered the Ecumenical Temple
  2496 | Temple   | 2496 ||| PLANNING OKAWARU WORSHIP
  2503 | Temple   | Became a worshipper of Warmaster Okawaru
  2504 | Temple   | 2504 ||| PLANNING D:1-11
  2848 | D:4      | Found a hazy altar of Hepliaklqana.
  2909 | D:4      | Found a broken altar of Ashenzari.
  3025 | D:4      | 3025 ||| READING scroll labelled VUFEUNI LOZU.
  3071 | D:5      | Entered Level 5 of the Dungeon
  3075 | D:5      | Reached skill level 3 in Fighting
  3075 | D:5      | Noticed Dowan
  3076 | D:5      | Noticed Duvessa
  3101 | D:5      | HP: 9/37 [Dowan/puff of flame (3)]
  3102 | D:5      | 3102 ||| READING scroll of teleportation.
  3106 | D:5      | Found a glowing silver altar of Zin.
  3242 | D:5      | Reached skill level 6 in Ranged Weapons
  3378 | D:5      | Noticed Ijyb
  3400 | D:5      | Killed Ijyb
  3401 | D:5      | Reached XP level 7. HP: 41/42 MP: 8/8
  3413 | D:5      | Reached * piety under Okawaru
  3474 | D:5      | Noticed Sigmund
  3475 | D:5      | 3475 ||| INVOKING Heroism.
  3490 | D:5      | Killed Sigmund
  3491 | D:5      | Reached skill level 7 in Ranged Weapons
  3491 | D:5      | 3491 ||| FLEEEEING.
  3492 | D:5      | 3492 ||| FLEEEEING.
  3580 | D:5      | Found a stormy altar of Qazlal.
  3606 | D:5      | Reached skill level 1 in Invocations
  3655 | D:5      | Reached XP level 8. HP: 48/48 MP: 9/9
  3669 | D:5      | 3669 ||| INVOKING Heroism.
  3677 | D:5      | Killed Duvessa
  3686 | D:5      | 3686 ||| INVOKING Heroism.
  3698 | D:5      | Killed Dowan
  3699 | D:5      | Reached skill level 3 in Invocations
  3812 | D:5      | Found a radiant altar of Vehumet.
  3847 | D:5      | Found a runed translucent door.
  3848 | D:5      | Noticed Crazy Yiuf
  3968 | D:5      | Found a hide-covered altar of Uskayaw.
  4021 | D:5      | 4021 ||| UPGRADING to +2 robe of willpower.
  4031 | D:5      | 4031 ||| DROPPING +0 ring mail.
  4032 | D:5      | 4032 ||| UPGRADING to +0 cloak.
  4037 | D:5      | 4037 ||| DROPPING amulet of regeneration.
  4038 | D:5      | 4038 ||| READING 2 scrolls labelled HYDYFI TETU MOILL.
  4039 | D:5      | 4039 ||| DRINKING 2 murky golden potions.
  4039 | D:5      | Gained mutation: Your body sometimes deteriorates upon
                  | taking damage. [potion of mutation]
  4040 | D:5      | 4040 ||| READING 2 scrolls of identify.
  4040 | D:5      | 4040 ||| IDENTIFYING blue potion
  4041 | D:5      | 4041 ||| DROPPING potion of lignification.
  4042 | D:5      | 4042 ||| DROPPING scroll of vulnerability.
  4326 | D:6      | Reached skill level 8 in Ranged Weapons
  4552 | D:6      | Noticed Blork the orc
  4553 | D:6      | 4553 ||| INVOKING Heroism.
  4562 | D:6      | Killed Blork the orc
  4658 | D:6      | 4658 ||| READING scroll labelled JAQERIFEZO.
  4759 | D:6      | 4759 ||| READING 3 scrolls of identify.
  4759 | D:6      | 4759 ||| IDENTIFYING red potion
  4760 | D:6      | 4760 ||| READING 2 scrolls of identify.
  4760 | D:6      | 4760 ||| IDENTIFYING sapphire potion
  4845 | D:7      | Noticed Prince Ribbit
  4846 | D:7      | 4846 ||| INVOKING Heroism.
  4863 | D:7      | Killed Prince Ribbit
  4864 | D:7      | Reached skill level 6 in Fighting
  4902 | D:7      | Found a flagged portal.
  4911 | D:7      | 4911 ||| Stepping ~*~*~tactically~*~*~ (water).
  5017 | D:7      | Reached XP level 9. HP: 55/55 MP: 12/12
  5035 | D:7      | 5035 ||| Stepping ~*~*~tactically~*~*~ (outnumbered).
  5051 | D:7      | 5051 ||| INVOKING Heroism.
  5053 | D:7      | Reached skill level 9 in Ranged Weapons
  5177 | D:7      | 5177 ||| SWAPPING to +0 orcbow.
  5178 | D:7      | 5178 ||| DROPPING +0 shortbow.
  5179 | D:7      | 5179 ||| DROPPING +1 sling of draining.
  5245 | D:7      | Found a sacrificial altar of Ru.
  5245 | D:7      | Found an opulent altar of Gozag.
  5412 | D:7      | 5412 ||| READING scroll of enchant armour.
  5412 | D:7      | 5412 ||| ENCHANTING +0 helmet.
  5493 | D:7      | 5493 ||| INVOKING Heroism.
  5628 | D:7      | 5628 ||| Stepping ~*~*~tactically~*~*~ (outnumbered).
  5642 | D:7      | 5642 ||| INVOKING Heroism.
  5660 | D:7      | Reached skill level 10 in Ranged Weapons
  5675 | D:7      | Found Amareure's Magic Scroll Shop.
  5682 | D:7      | 5682 ||| BUYING 2 scrolls of identify (44 gold).
  5682 | D:7      | Bought 2 scrolls of identify for 44 gold pieces
  5682 | D:7      | 5682 ||| BUYING scroll of identify (22 gold).
  5682 | D:7      | Bought a scroll of identify for 22 gold pieces
  5682 | D:7      | 5682 ||| BUYING scroll of identify (22 gold).
  5682 | D:7      | Bought a scroll of identify for 22 gold pieces
  5682 | D:7      | 5682 ||| BUYING scroll of identify (22 gold).
  5682 | D:7      | Bought a scroll of identify for 22 gold pieces
  5682 | D:7      | 5682 ||| BUYING scroll of teleportation (33 gold).
  5682 | D:7      | Bought a scroll of teleportation for 33 gold pieces
  5682 | D:7      | 5682 ||| BUYING scroll of teleportation (33 gold).
  5682 | D:7      | Bought a scroll of teleportation for 33 gold pieces
  5797 | D:7      | 5797 ||| READING 7 scrolls of identify.
  5797 | D:7      | 5797 ||| IDENTIFYING bubbling golden potion
  5798 | D:7      | 5798 ||| READING 6 scrolls of identify.
  5798 | D:7      | 5798 ||| IDENTIFYING bubbling white potion
  5799 | D:7      | 5799 ||| READING 5 scrolls of identify.
  5799 | D:7      | 5799 ||| IDENTIFYING ruby potion
  5800 | D:7      | 5800 ||| READING 4 scrolls of identify.
  5800 | D:7      | 5800 ||| IDENTIFYING bubbling green potion
  5801 | D:7      | 5801 ||| DROPPING potion of degeneration.
  5802 | D:7      | 5802 ||| DROPPING potion of berserk rage.
  5803 | D:7      | 5803 ||| DROPPING potion of invisibility.
  5971 | D:8      | Reached skill level 3 in Dodging
  5976 | D:8      | 5976 ||| INVOKING Heroism.
  6060 | D:8      | 6060 ||| INVOKING Heroism.
  6205 | D:8      | Found a shimmering altar of Xom.
  6227 | D:8      | Noticed a troll
  6228 | D:8      | 6228 ||| INVOKING Heroism.
  6236 | D:8      | Killed a troll
  6270 | D:8      | Found a burning altar of Makhleb.
  6297 | D:8      | Found a basalt altar of Yredelemnul.
  6521 | D:8      | 6521 ||| READING 4 scrolls of identify.
  6521 | D:8      | 6521 ||| IDENTIFYING fuming amethyst potion
  6522 | D:8      | 6522 ||| READING 3 scrolls of identify.
  6522 | D:8      | 6522 ||| IDENTIFYING fizzy black potion
  6523 | D:8      | 6523 ||| DROPPING potion of attraction.
  6597 | D:9      | Reached ** piety under Okawaru
  6700 | D:9      | Reached skill level 11 in Ranged Weapons
  6700 | D:9      | Reached XP level 10. HP: 63/63 MP: 13/13
  6795 | D:9      | 6795 ||| INVOKING Heroism.
  6828 | D:9      | 6828 ||| INVOKING Heroism.
  7107 | D:9      | Found an ancient bone altar of Kikubaaqudgha.
  7108 | D:9      | Found a white marble altar of Elyvilon.
  7186 | D:9      | 7186 ||| INVOKING Heroism.
  7287 | D:9      | 7287 ||| INVOKING Heroism.
  7537 | D:10     | Entered Level 10 of the Dungeon
  7582 | D:10     | 7582 ||| INVOKING Heroism.
  7730 | D:10     | Found a sparkling altar of Nemelex Xobeh.
  7950 | D:10     | Reached skill level 12 in Ranged Weapons
  8300 | D:10     | Noticed Lodul
  8311 | D:10     | Reached *** piety under Okawaru
  8316 | D:10     | 8316 ||| INVOKING Heroism.
  8333 | D:10     | Killed Lodul
  8334 | D:10     | Reached skill level 13 in Ranged Weapons
  8334 | D:10     | Reached XP level 11. HP: 21/68 MP: 12/14
  8338 | D:10     | 8338 ||| FLEEEEING.
  8340 | D:10     | 8340 ||| FLEEEEING.
  8341 | D:10     | 8341 ||| FLEEEEING.
  8342 | D:10     | 8342 ||| FLEEEEING.
  8343 | D:10     | 8343 ||| FLEEEEING.
  8344 | D:10     | 8344 ||| FLEEEEING.
  8345 | D:10     | 8345 ||| FLEEEEING.
  8346 | D:10     | 8346 ||| FLEEEEING.
  8347 | D:10     | 8347 ||| FLEEEEING.
  8348 | D:10     | 8348 ||| FLEEEEING.
  8349 | D:10     | 8349 ||| FLEEEEING.
  8350 | D:10     | 8350 ||| FLEEEEING.
  8351 | D:10     | 8351 ||| FLEEEEING.
  8352 | D:10     | 8352 ||| FLEEEEING.
  8353 | D:10     | 8353 ||| FLEEEEING.
  8354 | D:10     | 8354 ||| FLEEEEING.
  8355 | D:10     | 8355 ||| FLEEEEING.
  8356 | D:10     | 8356 ||| FLEEEEING.
  8357 | D:10     | 8357 ||| FLEEEEING.
  8358 | D:10     | 8358 ||| FLEEEEING.
  8359 | D:10     | 8359 ||| FLEEEEING.
  8360 | D:10     | 8360 ||| FLEEEEING.
  8361 | D:10     | 8361 ||| FLEEEEING.
  8362 | D:10     | 8362 ||| FLEEEEING.
  8363 | D:10     | 8363 ||| FLEEEEING.
  8364 | D:10     | 8364 ||| FLEEEEING.
  8365 | D:10     | 8365 ||| FLEEEEING.
  8366 | D:10     | 8366 ||| FLEEEEING.
  8367 | D:10     | 8367 ||| FLEEEEING.
  8368 | D:10     | 8368 ||| FLEEEEING.
  8369 | D:10     | 8369 ||| STAIRDANCE
  8488 | D:10     | 8488 ||| STAIRDANCE
  8490 | D:9      | 8490 ||| INVOKING Heroism.
  8778 | D:10     | 8778 ||| INVOKING Heroism.
  8823 | D:10     | 8823 ||| FLEEEEING.
  8824 | D:10     | 8824 ||| FLEEEEING.
  8825 | D:10     | 8825 ||| FLEEEEING.
  8826 | D:10     | 8826 ||| FLEEEEING.
  8827 | D:10     | 8827 ||| FLEEEEING.
  8828 | D:10     | 8828 ||| FLEEEEING.
  8829 | D:10     | 8829 ||| FLEEEEING.
  8830 | D:10     | 8830 ||| FLEEEEING.
  8831 | D:10     | 8831 ||| FLEEEEING.
  8832 | D:10     | 8832 ||| FLEEEEING.
  8833 | D:10     | 8833 ||| FLEEEEING.
  8834 | D:10     | 8834 ||| FLEEEEING.
  8835 | D:10     | 8835 ||| FLEEEEING.
  8836 | D:10     | 8836 ||| FLEEEEING.
  8839 | D:10     | 8839 ||| FLEEEEING.
  8840 | D:10     | 8840 ||| FLEEEEING.
  8841 | D:10     | 8841 ||| FLEEEEING.
  8958 | D:10     | Found a staircase to the Orcish Mines.
  9068 | D:10     | 9068 ||| UPGRADING to +2 leather armour of cold resistance.
  9159 | D:11     | Found a staircase to the Lair.
  9160 | D:11     | Noticed a two-headed ogre
  9161 | D:11     | 9161 ||| INVOKING Heroism.
  9172 | D:11     | Killed a two-headed ogre
  9173 | D:11     | Reached skill level 9 in Fighting
  9199 | D:11     | Noticed a cyclops
  9200 | D:11     | 9200 ||| INVOKING Heroism.
  9206 | D:11     | 9206 ||| FLEEEEING.
  9207 | D:11     | 9207 ||| FLEEEEING.
  9208 | D:11     | 9208 ||| FLEEEEING.
  9209 | D:11     | 9209 ||| FLEEEEING.
  9210 | D:11     | 9210 ||| FLEEEEING.
  9215 | D:11     | Killed a cyclops
  9216 | D:11     | Reached skill level 3 in Armour
  9379 | D:11     | Noticed Erolcha
  9380 | D:11     | 9380 ||| INVOKING Heroism.
  9387 | Abyss:1  | Cast into level 1 of the Abyss (Erolcha)
  9530 | Abyss:1  | Noticed an angel
  9539 | Abyss:1  | 9539 ||| INVOKING Heroism.
  9543 | Abyss:1  | HP: 15/71 [angel/+3 whip of holy wrath (9)]
  9544 | Abyss:1  | 9544 ||| READING 4 scrolls of teleportation.
  9545 | Abyss:1  | 9545 ||| DRINKING 2 potions of heal wounds.
  9550 | Abyss:1  | HP: 17/71 [angel/+3 whip of holy wrath (3)]
  9551 | Abyss:1  | 9551 ||| DRINKING potion of heal wounds.
  9555 | Abyss:1  | HP: 9/71 [angel/+3 whip of holy wrath (2)]
  9557 | Abyss:1  | Slain by an angel

Levels and vault maps discovered:
D:1:      heliophobic_arrival_battle_scene, layout_basic, serial_shops, shop,
          hellmonk_ecumenical_altar_blasted
D:2:      layout_basic, basic_altar, serial_shops, shop
D:3:      layout_loops_corners, lightli_temple_of_fire,
          mainiacjoe_overflow_six_doors_small, minmay_starry_boxes
D:4:      layout_gridville, mainiacjoe_overflow_swirl, minmay_temple_entry_trees
D:5:      layout_rooms, zin_scriptorium, nicolae_vehumet_radiance,
          mainiacjoe_overflow_surrounded_room, kennysheep_mini, st_stairs_11,
          bh_walls_and_bars, uniq_crazy_yiuf_cottage, uniq_ijyb, uniq_duvessa,
          uniq_sigmund
D:6:      layout_basic, uniq_blork_the_orc
D:7:      layout_basic, gammafunk_temple_overflow_pools, enter_bailey_4,
          serial_shops, nicolae_shop_stone, minmay_hedge_maze,
          uniq_prince_ribbit1
D:8:      layout_cave_pools, nicolae_overflow_crystal_walls,
          mainiacjoe_overflow_large_starburst, item_on_display_a
D:9:      layout_irregular_city, nicolae_overflow_squiral, st_stairs_12
D:10:     layout_loops_corners, old_standard_altar, hiddenorc1_lemuel,
          uniq_lodul
D:11:     layout_long_grid, lair_entry_dummy, uniq_erolcha, uniq_grum
Temple:   hellmonk_temple_two_chambers
Abyss:1:  base:
D:5

Skill      XL: |  1  2  3  4  5  6  7  8  9 10 11 |
---------------+----------------------------------+-----
Ranged Weapons | 3 4 5 6 7 8 11 13 | 13.3
Fighting       | 2 3 4 6 7 8 9 |  9.4
Armour         | 2 3 |  3.1
Invocations    | 2 4 |  4.1
Dodging        | 2 3 4 |  4.0
Spellcasting   | |  1.0
Hexes          | |  2.6

Action                     |  1- 3 |  4- 6 |  7- 9 | 10-12 || total
---------------------------+-------+-------+-------+-------++-------
   Fire: Sling             |   117 |   209 |   246 |       ||   572
         Orcbow            |       |       |   160 |   446 ||   606
 Invoke: Heroism           |       |       |    11 |    12 ||    23
    Use: Scroll            |     4 |     7 |    12 |     1 ||    24
         Potion            |       |       |     1 |     2 ||     3
 Armour: Robe              |     8 |       |    60 |    33 ||   101
         Leather armour    |     9 |     1 |       |    13 ||    23
         Ring mail         |       |    46 |    10 |       ||    56
  Dodge: Dodged            |    66 |   125 |   143 |   192 ||   526
  Block: Other             |       |    32 |    48 |    60 ||   140
         Reflection        |       |       |     4 |     1 ||     5

Table legend:
 A = Non-vault XP
 B = Vault XP
 C = Vault XP percentage of total XP
 D = Non-vault monster count
 E = Vault monster count
 F = Vault count percentage of total count
                 A         B        C        D         E       F
            +---------+---------+-------+---------+---------+-------
      Total |    8457 |    3370 |  28.5 |     192 |      49 |  20.3
            +---------+---------+-------+---------+---------+-------
        D:1 |      24 |       0 |   0.0 |      16 |       0 |   0.0
        D:2 |      61 |       0 |   0.0 |      26 |       0 |   0.0
        D:3 |     116 |      37 |  24.2 |      21 |       6 |  22.2
        D:4 |     155 |       0 |   0.0 |      13 |       0 |   0.0
        D:5 |     520 |     526 |  50.3 |      16 |       7 |  30.4
        D:6 |     353 |     100 |  22.1 |      13 |       1 |   7.1
        D:7 |    1148 |     276 |  19.4 |      21 |       6 |  22.2
        D:8 |    1052 |       0 |   0.0 |      15 |       0 |   0.0
        D:9 |    1269 |     674 |  34.7 |      27 |       5 |  15.6
       D:10 |    2001 |    1757 |  46.8 |      18 |      24 |  57.1
       D:11 |    1570 |       0 |   0.0 |       3 |       0 |   0.0
    Abyss:1 |     188 |       0 |   0.0 |       3 |       0 |   0.0
            +---------+---------+-------+---------+---------+-------
